 Dungeon Sprint DCSS version 0.14-a0-3376-gf173aa4 (console) character file.

14 rchandra the Gusty (level 2, 0/22 HPs)
             Began as a Deep Dwarf Air Elementalist on Mar 19, 2014.
             Was an Initiate of the Shining One.
             Slain by a phantom (5 damage)
             ... in the Dungeon (Sprint IX: "|||||||||||||||||||||||||||||").
             The game lasted 00:04:23 (268 turns).

rchandra the Gusty (Deep Dwarf Air Elementalist)     Turns: 268, Time: 00:04:23

HP   0/22        AC  2     Str 11      XL: 2   Next: 31%
MP   0/5         EV 12     Int 15      God: the Shining One [......]
Gold 0           SH  0     Dex 13      Spells:  2 memorised,  2 levels left

rFire  . . .     SeeInvis .     a - staff of energy {!a}
rCold  . . .     Clarity  .     q - +0 robe
rNeg   . . .     Conserve .     (no shield)
rPois  .         rCorr    .     (no helmet)
rElec  .         rRot     .     (no cloak)
SustAb . .       Spirit   .     (no gloves)
rMut   .         Warding  .     (no boots)
Saprov . . .     NoTele   +     (no amulet)
MR     .....                    (no ring)
                                (no ring)

@: non-regenerating, not resistant to hostile enchantments, fairly stealthy
A: damage resistance, recharge devices, sense surroundings 1, slow healing 3
a: Device Recharging, Renounce Religion


You were in the Dungeon.
You worshipped the Shining One.
The Shining One was noncommittal.
You were not hungry.

You visited 1 branch

Inventory:

Hand weapons
 l - a +0,+0 club
 m - a +0,+0 hand axe
Armour
 q - a +0 robe (worn)
Magical devices
 c - a wand of heal wounds (2)
 p - a wand of fire (7)
Comestibles
 d - a bread ration
 k - a chunk of bat flesh {@w1}
Scrolls
 j - 2 scrolls of blinking
 n - 3 scrolls of remove curse
 o - 2 scrolls of amnesia
Potions
 e - a potion of curing
 f - a potion of heal wounds
 g - a potion of haste
 h - 2 potions of magic
 i - a potion of berserk rage
Books
 b - a book of Air

   Spells                             Type                      Level
   *Shock                             Conjuration/Air              1
   *Swiftness                         Charms/Air                   2
   Repel Missiles                     Charms/Air                   2
   Flight                             Charms/Air                   3
   Static Discharge                   Conjuration/Air              3
   Lightning Bolt                     Conjuration/Air              5
Magical staves
 a - an uncursed staff of energy (weapon) {!a}


   Skills:
 - Level 2.1 Dodging
 - Level 2.4 Stealth
 + Level 2.4 Spellcasting
 * Level 3.0 Conjurations
 * Level 3.0 Air Magic


You had 2 spell levels left.
You knew the following spells:

 Your Spells              Type           Power        Failure   Level  Hunger
s - Swiftness             Chrm/Air       #.......     17%         2    None
y - Shock                 Conj/Air       ##..         8%          1    None


Dungeon Overview and Level Annotations

Branches:
Dungeon (1/1)

Altars:
Ashenzari
Cheibriados
Dithmenos
Elyvilon
Fedhas
Kikubaaqudgha
Makhleb
Nemelex Xobeh
Okawaru
Sif Muna
Trog
Vehumet
Xom
Yredelemnul
Zin
The Shining One


Innate Abilities, Weirdness & Mutations

You are resistant to damage.
You can recharge devices by infusing magical energy.
You passively map a small area around you.
You do not heal naturally.


Message History

Aiming: Shock
Press: ? - help, Shift-Dir - straight line, f - phantom
Aim: a phantom (almost destroyed)
The zap hits the phantom.
The phantom is almost destroyed.
* * * LOW MAGIC WARNING * * *
The phantom hits you.
The phantom blinks!
Damage: -5%(-1hp) hp: 41%(9hp) Nothing appears to happen.
Nothing appears to happen.
Nothing appears to happen.
The phantom hits you.
* * * LOW HITPOINT WARNING * * *
Huge Dmg: -18%(-4hp) hp: 23%(5hp) Nothing appears to happen.
The phantom hits you but does no damage.
Really attack while wielding your uncursed staff of energy {!a}?
You barely miss the phantom.
The phantom is almost destroyed.
The phantom hits you!
You die...

*▓▓▓▓▓▓▓▓▓▓▓▓▓▓▓▓▓▓▓▓▓▓▓
,+==[[[qp.!'______p_____
*▓▓▓▓▓▓▓▓▓▓▓▓▓▓▓▓▓▓▓▓▓▓▓
, , , , , * ** * * * ***
, , ,, , * * ** , , , *
,


You could see a phantom.

Vanquished Creatures
  A giant eyeball (D)
  A giant gecko (D)
  An ooze (D)
  An orc (D)
  2 bats (D)
  A hobgoblin (D)
  A kobold (D)
  A rat (D)
9 creatures vanquished.

Notes
Turn   | Place    | Note
--------------------------------------------------------------
     0 | D        | rchandra, the Deep Dwarf Air Elementalist, began the quest for the Orb.
     0 | D        | Reached XP level 1. HP: 15/15 MP: 2/2
     8 | D        | Reached skill level 1 in Conjurations
    23 | D        | Reached skill level 2 in Spellcasting
    61 | D        | Reached skill level 2 in Conjurations
    98 | D        | Noticed a phantom
   101 | D        | Paralysed by a giant eyeball for 2 turns
   103 | D        | Reached XP level 2. HP: 16/22 MP: 2/4
   112 | D        | Huge Dmg: 7 dmg
   152 | D        | Learned a level 2 spell: Swiftness
   153 | D        | Paralysed by a giant eyeball for 2 turns
   155 | D        | Reached skill level 3 in Conjurations
   155 | D        | Reached skill level 3 in Air Magic
   198 | D        | Huge Dmg: 6 dmg
   212 | D        | Huge Dmg: 11 dmg
   214 | D        | Huge Dmg: 5 dmg
   219 | D        | Huge Dmg: 6 dmg
   220 | D        | Huge Dmg: 3 dmg
   227 | D        | Found a shattered altar of Ashenzari.
   227 | D        | Found a burning altar of Makhleb.
   227 | D        | Found a deep blue altar of Sif Muna.
   227 | D        | Found a shattered altar of Ashenzari.
   227 | D        | Found a white marble altar of Elyvilon.
   227 | D        | Found a glowing golden altar of the Shining One.
   227 | D        | Found an ancient bone altar of Kikubaaqudgha.
   228 | D        | Found a snail-covered altar of Cheibriados.
   229 | D        | Found a basalt altar of Yredelemnul.
   231 | D        | Found a bloodstained altar of Trog.
   232 | D        | Found a shimmering altar of Xom.
   233 | D        | Found a sparkling altar of Nemelex Xobeh.
   234 | D        | Found a radiant altar of Vehumet.
   235 | D        | Found an iron altar of Okawaru.
   236 | D        | Became a worshipper of the Shining One
   237 | D        | Found a blossoming altar of Fedhas.
   238 | D        | Found a burning altar of Makhleb.
   239 | D        | Found a glowing silver altar of Zin.
   240 | D        | Found a shadowy altar of Dithmenos.
   267 | D        | Huge Dmg: 4 dmg
   268 | D        | Slain by a phantom

Action                   || total
-------------------------++-------
Melee: Unarmed           ||     5
       Club              ||     3
       Hand axe          ||    18
       Staff             ||     1
 Cast: Shock             ||    23
Evoke: Wand              ||     3
 Stab: Sleeping          ||     1

Vault maps used:
D:        linesprint
